 Dungeon Crawl Stone Soup version 0.28-a0-691-gad6df49e81 (webtiles) character file.

Game seed: 2788631659032486663

88 rogsnak the Gusty (level 4, -1/36 HPs)
             Began as a Naga Air Elementalist on Oct 21, 2021.
             Slain by a black bear (4 damage)
             ... on level 2 of the Dungeon.
             The game lasted 00:03:44 (2328 turns).

rogsnak the Gusty (Naga Air Elementalist)           Turns: 2328, Time: 00:03:45

Health: -1/36      AC:  2    Str: 10    XL:     4   Next: 54%
Magic:  8/8        EV: 10    Int: 16    God:
Gold:   67         SH:  0    Dex: 12    Spells: 4/8 levels left

rFire   . . .      SeeInvis +   c - +2 dagger (elec)
rCold   . . .      Faith    .   (no shield)
rNeg    . . .      Spirit   .   a - +0 robe
rPois   +          Reflect  .   (no helmet)
rElec   .          Harm     .   (no cloak)
rCorr   .          Rampage  .   (no gloves)
Will    .....                   (no barding)
Stlth   ++........              (no amulet)
HPRegen 0.12/turn               (no ring)
MPRegen 0.11/turn               (no ring)

@: very slow
A: AC +1, large, see invisible, deformed body, poison resistance, slowness 2,
spit poison 1, naga tail 1
a: Spit Poison


You were on level 2 of the Dungeon.
You visited 1 branch of the dungeon, and saw 3 of its levels.

You collected 67 gold pieces.

Inventory:

Hand Weapons
 b - a +0 hand axe
 c - a +2 dagger of electrocution (weapon)
 m - a +4 short sword
Missiles
 d - 99 stones
 i - 3 boomerangs
 k - 17 poisoned darts
 l - 26 arrows
Armour
 a - a +0 robe (worn)
Scrolls
 e - a scroll of teleportation {unknown}
 g - a scroll of identify {unknown}
 h - a scroll of enchant weapon {unknown}
Potions
 f - 2 potions of invisibility
 j - a potion of haste {unknown}


   Skills:
 + Level 0.1 Fighting
 + Level 1.8 Dodging
 - Level 3.0 Stealth
 + Level 2.9 Spellcasting
 * Level 2.0 Conjurations
 + Level 3.9 Air Magic


You had 4 spell levels left.
You knew the following spells:

 Your Spells              Type           Power      Damage    Failure   Level
a - Shock                 Conj/Air       44%        1d5       5%          1
b - Swiftness             Air            14%        N/A       12%         3

Your spell library contained the following spells:

 Spells                   Type           Power      Damage    Failure   Level
 Static Discharge         Conj/Air       11%        N/A       9%          2
 Airstrike                Air            7%         N/A       36%         4


Dungeon Overview and Level Annotations

Branches:
Dungeon (3/15)

Altars:


Innate Abilities, Weirdness & Mutations

Your serpentine skin is tough. (AC +1)
You have supernaturally acute eyesight. (SInv)
Armour fits poorly on your strangely shaped body.
Your system is resistant to poisons. (rPois)
You cover ground very slowly.
You can spit poison.
You have a snake-like lower body.


Message History

a +0 club; a goblin corpse You open the door.
Done exploring.
(D) Dungeon
Where to? (Enter - D:2, ? - help)
What level of the Dungeon? (default 1, ? - help)
There is a stone staircase leading down here.
You climb downwards.
Found a stone staircase leading down.
There is a stone staircase leading up here.
There are monsters nearby!
Casting: Shock (safe; 5% risk of failure)
Confirm with . or Enter, or press ? or * to list all spells.
Aiming: Shock (safe; 5% risk of failure)
Press: ? - help, Shift-Dir - straight line, f - black bear
Aim: a black bear (asleep, 100% to hit)
Okay, then.
An orc comes into view. It is wielding a +0 falchion.
The black bear growls angrily.
The orc shouts! x2
The black bear bites you. The black bear claws you. x2
The black bear bites you. The black bear barely misses you.
The black bear closely misses you. The orc hits you with a +0 club.
Unknown command.
The orc barely misses you. The black bear bites you! The black bear claws you.
* * * LOW HITPOINT WARNING * * *
The black bear barely misses you.
There is a stone staircase leading up, spattered with blood here.
The black bear closely misses you.
The black bear claws you but does no damage.
The black bear claws you.
* * * LOW HITPOINT WARNING * * *
The orc hits you with a +0 club.
* * * LOW HITPOINT WARNING * * *
You climb upwards.
There is a stone staircase leading down here.
The black bear bites you.
* * * LOW HITPOINT WARNING * * *
The black bear claws you.
You die...

.....# #.# #..#.####.....#.#..
.###.# #.######..#.####.....#.###
.# #.# #.#..................)....
.###.###.#.#####...####.....#.###
......##.#.# #...# #...........
####..##.#.# #...# #.####.#.###
#..##.#.# ##.#># #.# #.#.#
#..##.#.# #.ho.# #.# #.#.#
#..##.#.####.@..# #.# #.#.#
#.....#^........# #.# #.#.#
##.#..#######...# #.# #.#.###
#..............# #.# #.#.##†
#####....########..# #.# #.#.##.
.........# #..# #.# #......
#####.#..########..# #.######.##.
#..............# #.##........
####.########..# #.##.###.##.


You could see a black bear and an orc.

Vanquished Creatures
  Jessica (D:2)
  3 dart slugs
  2 worms (D:2)
  3 ball pythons (D:1)
  4 bats
  6 endoplasms
  A giant cockroach (D:1)
  4 goblins
  5 hobgoblins
  3 jackals (D:2)
  4 kobolds
  2 quokkas (D:1)
  5 frilled lizards
  6 rats
49 creatures vanquished.

Vanquished Creatures (others)
  2 plants (D:2)
2 creatures vanquished.

Grand Total: 51 creatures vanquished

Notes
Turn   | Place    | Note
-------+----------+-------------------------------------------
     0 | D:1      | rogsnak the Naga Air Elementalist began the quest for the
                  | Orb.
     0 | D:1      | Reached XP level 1. HP: 15/15 MP: 3/3
   223 | D:1      | Reached XP level 2. HP: 22/22 MP: 0/5
   645 | D:1      | Reached XP level 3. HP: 28/28 MP: 6/6
   649 | D:1      | Learned a level 3 spell: Swiftness
  1459 | D:2      | Found a faded altar of an unknown god.
  1707 | D:2      | Reached XP level 4. HP: 36/36 MP: 6/8
  1852 | D:2      | Noticed Jessica
  1859 | D:2      | Killed Jessica
  2318 | D:3      | Noticed a black bear
  2328 | D:2      | Slain by a black bear

Illustrated notes

Levels and vault maps discovered:
D:1:      dpeg_chamrin_arrival_tetris, layout_loops_ring, minmay_pentomino_t2
D:2:      layout_basic, shapermc_ecumenical_altar_starsandcircs,
          serial_bayou_crossing, uniq_jessica
D:3:      layout_basic, minmay_misc_feat_columns

Skill      XL: |  1  2  3  4 |
---------------+-------------+-----
Conjurations   | 2 |  2.0
Fighting       | |  0.1
Dodging        | |  1.8
Stealth        | |  3.0
Spellcasting   | |  2.9
Air Magic      | |  3.9

Action                   |  1- 3 |  4- 6 || total
-------------------------+-------+-------++-------
Melee: Hand axe          |     5 |       ||     5
       Dagger            |    32 |     4 ||    36
 Cast: Shock             |    53 |    11 ||    64
 Abil: Spit Poison       |     5 |     1 ||     6
 Stab: Sleeping          |     3 |       ||     3
Armor: Robe              |     5 |     2 ||     7
Dodge: Dodged            |    19 |     6 ||    25

Table legend: (Time is in decaauts)
 A = Elapsed time spent in this place.
 B = Non-inter-level travel time spent in this place.
 C = Inter-level travel time spent in this place.
 D = Time resting spent in this place.
 E = Time spent auto-exploring this place.
 F = Levels seen in this place.
 G = Mean time per level.
                   A        B        C        D        E       F      G
               +--------+--------+--------+--------+--------+-----+--------+
         Total |   2909 |   2858 |     51 |    421 |   2083 |   3 |  969.7 |
       Dungeon |   2909 |   2858 |     51 |    421 |   2083 |   3 |  969.7 |
               +--------+--------+--------+--------+--------+-----+--------+

Top non-repeatable levels by time:
     D:2: 1624 daAuts
     D:1: 1274 daAuts
     D:3: 10 daAuts
